 Dungeon Crawl Stone Soup version 0.26-a0-660-gc07710193c (webtiles) character file.

Game seed: 3012065025055828205

51 timneilson the Shield-Bearer (level 3, -3/34 HPs)
             Began as a Deep Dwarf Fighter on Oct 5, 2020.
             Slain by an iguana (9 damage)
             ... on level 2 of the Dungeon.
             The game lasted 00:01:46 (726 turns).

timneilson the Shield-Bearer (Deep Dwarf Fighter)    Turns: 726, Time: 00:01:46

Health: -3/34      AC:  7    Str: 20    XL:     3   Next: 58%
Magic:  3/3        EV:  7    Int:  8    God:
Gold:   96         SH: 10    Dex: 12    Spells: 2/2 levels left

rFire    + . .     SeeInvis .   a - +0 long sword
rCold    + . .     Faith    .   c - +1 kite shield
rNeg     . . .     Spirit   .   b - +0 scale mail
rPois    .         Reflect  .   (no helmet)
rElec    .         Harm     .   g - scarf {rC+ rF+}
rCorr    .         Rampage  .   (no gloves)
MR       .....                  (no boots)
Stlth    ..........             (no amulet)
HPRegen  0.00/turn              (no ring)
MPRegen  0.08/turn              (no ring)

@: non-regenerating
A: damage resistance, heal wounds, sense surroundings 1, no regeneration
a: Heal Wounds


You were on level 2 of the Dungeon.
You visited 1 branch of the dungeon, and saw 2 of its levels.

You collected 96 gold pieces.

Inventory:

Hand Weapons
 a - a +0 long sword (weapon)
Armour
 b - a +0 scale mail (worn)
 c - a +1 kite shield (worn)
 g - a scarf of resistance (worn)
Jewellery
 f - a cursed -4 ring of intelligence {unknown}
Scrolls
 h - a scroll of magic mapping {unknown}
Potions
 d - 2 potions of might
 e - a potion of lignification {unknown}
 k - a potion of ambrosia {unknown}


   Skills:
 + Level 3.0 Fighting
 * Level 2.8 Long Blades
 * Level 3.8 Armour
 * Level 3.8 Shields


You had 2 spell levels left.
You didn't know any spells.
Your spell library was empty.

Dungeon Overview and Level Annotations

Branches:
Dungeon (2/15)

Altars:
Okawaru


Innate Abilities, Weirdness & Mutations

You are resistant to damage.
You can heal yourself by infusing magical energy.
You passively map a small area around you.
You do not regenerate.


Message History

Your shield and scale mail prevent you from hitting the iguana.
The iguana is almost dead.
You block the quokka's attack.
The iguana hisses menacingly.
You block the iguana's attack. The iguana bites you!
* * * LOW HITPOINT WARNING * * *
You block the quokka's attack.
You barely miss the iguana.
The iguana is almost dead.
You block the quokka's attack.
The iguana bites you but does no damage.
Unknown command.
You hit the iguana but do no damage.
The iguana is almost dead.
You block the quokka's attack. You block the iguana's attack.
The quokka barely misses you.
You riposte.
You miss the quokka.
The iguana bites you but does no damage.
Unknown command.
You fail to use your ability.
The quokka bites you. The iguana bites you!
You die...

, , ** * * , ,, .. ,
* ,,... ,, , * *,
..# * * * ,,, *, #.#
*####.## * * #.#
######l.....> , #.#
#....@r# , .#
#.###.###......#*
,,, .
#.#.......†....# ,
,#.#.#.#.###......#*
##.#.#.#.# #......#
, * .....#.#.#
######... #.#.....#
###. #.#.#.###
#.....#


You could see an iguana and a quokka.

Vanquished Creatures
  An adder (D:2)
  An ooze (D:1)
  A dart slug (D:1)
  3 leopard geckos
  2 giant cockroaches (D:1)
  4 goblins
  3 hobgoblins (D:2)
  2 kobolds
  A ball python (D:1)
  3 bats (D:1)
  3 frilled lizards
  9 rats
33 creatures vanquished.

Notes
Turn   | Place    | Note
-------+----------+-------------------------------------------
     0 | D:1      | timneilson the Deep Dwarf Fighter began the quest for the
                  | Orb.
     0 | D:1      | Reached XP level 1. HP: 20/20 MP: 1/1
    89 | D:1      | Reached XP level 2. HP: 18/27 MP: 2/2
    91 | D:1      | Found an iron altar of Okawaru.
   437 | D:1      | Reached XP level 3. HP: 32/33 MP: 3/3
   726 | D:2      | Slain by an iguana

Illustrated notes

Levels and vault maps discovered:
D:1:      dpeg_arrival_rooms_c, layout_basic, okawaru_ov_weapons_minmay
D:2:      layout_loops_cross, amethyst_overflow_temple_binary, uniq_robin

Skill      XL: |  1  2  3 |
---------------+----------+-----
Fighting       | 3 |  3.0
Long Blades    | |  2.8
Armour         | |  3.8
Shields        | |  3.8

Action                   || total
-------------------------++-------
Melee: Long sword        ||   123
 Abil: Heal Wounds       ||     1
  Use: Scroll            ||     3
Armor: Scale mail        ||    51
Dodge: Dodged            ||    38
Block: Kite shield       ||    91
       Rpst.: Long sword ||    13

Table legend: (Time is in decaauts)
 A = Elapsed time spent in this place.
 B = Non-inter-level travel time spent in this place.
 C = Inter-level travel time spent in this place.
 D = Time resting spent in this place.
 E = Time spent auto-exploring this place.
 F = Levels seen in this place.
 G = Mean time per level.
                   A        B        C        D        E       F      G
               +--------+--------+--------+--------+--------+-----+--------+
         Total |    769 |    751 |     18 |      0 |    491 |   2 |  384.5 |
       Dungeon |    769 |    751 |     18 |      0 |    491 |   2 |  384.5 |
               +--------+--------+--------+--------+--------+-----+--------+

Top non-repeatable levels by time:
     D:1: 587 daAuts
     D:2: 182 daAuts
